 Dungeon Crawl Stone Soup version 0.23-b1-67-g8bd44de8e4 (webtiles) character file.

Game seed: 18133387453561618082

33 Kaderl the Ruffian (level 3, 0/30 HPs)
             Began as a Ghoul Gladiator on Feb 5, 2019.
             Slain by a bat (1 damage)
             ... on level 2 of the Dungeon.
             The game lasted 00:03:31 (986 turns).

Kaderl the Ruffian (Ghoul Gladiator)                 Turns: 986, Time: 00:03:31

Health: 0/30       AC:  5    Str: 17    XL:     3   Next: 29%
Magic:  2/2        EV: 12    Int:  3    God:
Gold:   36         SH:  0    Dex: 11    Spells: 2/2 levels left

rFire    . . .     SeeInvis .     - Unarmed
rCold    + . .     Gourm    .   (no shield)
rNeg     + + +     Faith    .   a - +0 leather armour
rPois    ∞         Spirit   .   b - +0 helmet
rElec    .         Reflect  .   (no cloak)
rCorr    .         Harm     .   g - +0 pair of gloves
MR       .....                  (no boots)
Stlth    +.........             (no amulet)
HPRegen  0.00/turn              (no ring)
MPRegen  0.08/turn              (no ring)

@: rotting
A: rotting body, claws 1, carnivore, cold resistance 1, negative energy
resistance 3, inhibited regeneration, torment resistance, unbreathing
a: no special abilities


You were on level 2 of the Dungeon.
You were not hungry.

You visited 1 branch of the dungeon, and saw 2 of its levels.

You collected 36 gold pieces.

Inventory:

Missiles
 c - 3 throwing nets (quivered)
Armour
 a - a +0 leather armour (worn)
 b - a +0 helmet (worn)
 g - a +0 pair of gloves (worn)
Scrolls
 e - a scroll of remove curse {unknown}
 f - a scroll of amnesia {unknown}
 h - a scroll of enchant weapon {unknown}
 i - 2 scrolls of fear {unknown}
 l - a scroll of teleportation {unknown}
 m - a scroll of identify {unknown}
 n - 3 scrolls of random uselessness {unknown}
Potions
 j - a potion of brilliance {unknown}
 k - a potion of berserk rage {unknown}
 o - a potion of lignification {unknown}
 q - a potion of might {unknown}
Comestibles
 d - 2 rations


   Skills:
 + Level 2.4 Fighting
 + Level 1.8 Throwing
 + Level 0.1 Armour
 * Level 3.1 Dodging
 * Level 0.6 Stealth
 * Level 4.0 Unarmed Combat


You had 2 spell levels left.
You didn't know any spells.
Your spell library was empty.

Dungeon Overview and Level Annotations

Branches:
Dungeon (2/15)

Altars:


Innate Abilities, Weirdness & Mutations

Your body is rotting away.
You thrive on raw meat.
You are immune to poison.
You have sharp fingernails.
You are carnivorous and can eat meat at any time.
Your flesh is cold resistant. (rC+)
You are immune to negative energy. (rN+++)
You do not regenerate when monsters are visible.
You are immune to unholy pain and torment.
You can survive without breathing.


Message History

You hit the worm.
The worm is severely wounded.
You hit the worm.
The worm is almost dead.
The worm bites you!
* * * LOW HITPOINT WARNING * * *
You hit the worm.
The worm is almost dead.
You hit the worm.
The worm is almost dead.
A kobold comes into view. It is wielding a +0 short sword.
The worm bites you.
* * * LOW HITPOINT WARNING * * *
You hit the worm but do no damage.
The worm is almost dead.
The worm bites you!
* * * LOW HITPOINT WARNING * * *
Okay, then.
The bat hits you.
You die...

### #.. ..#.. .# #.# #.#.#
.# #.# #.#.# .#
#.######.#.# .#
#......#.#.# .#
..####.#.#.#########.#
#.####.#.#.#....@b...#
...........#.######.<#
#.####.#.#.#.######.#######
...................w.......
#.######.#.÷)######.#######
..# #.......# .b. ..#
######.## .#K## ..# #..
..... ..# ##.# ## #.#


You could see a bat.

Vanquished Creatures
  7 goblins (D:1)
  7 hobgoblins
  2 ball pythons (D:1)
  4 bats (D:1)
  2 frilled lizards
  4 kobolds
  5 rats (D:1)
31 creatures vanquished.

Notes
Turn   | Place    | Note
-------+----------+-------------------------------------------
     0 | D:1      | Kaderl the Ghoul Gladiator began the quest for the Orb.
     0 | D:1      | Reached XP level 1. HP: 17/17 MP: 0/0
    96 | D:1      | Reached XP level 2. HP: 25/25 MP: 1/1
   542 | D:1      | Reached XP level 3. HP: 30/30 MP: 2/2
   607 | D:1      | Reached skill level 4 in Unarmed Combat
   981 | D:2      | HP: 1/30 [worm (7)]
   986 | D:2      | Slain by a bat

Skill      XL: |  1  2  3 |
---------------+----------+-----
Dodging        | 3 |  3.1
Unarmed Combat | 4 |  4.0
Fighting       | |  2.4
Throwing       | |  1.8
Armour         | |  0.1
Stealth        | |  0.6

Action                   || total
-------------------------++-------
Melee: Unarmed           ||   118
  Eat: Chunk             ||    12
Armor: Leather armour    ||    44
Dodge: Dodged            ||    74
